 Dungeon Crawl Stone Soup version 0.19-a0-831-gce7da8b (webtiles) character file.

317 matakusis the Caller (level 6, 0/32 HPs)
             Began as a Deep Elf Summoner on June 30, 2016.
             Was an Initiate of Sif Muna.
             Slain by Prince Ribbit (4 damage)
             ... on level 5 of the Dungeon.
             The game lasted 00:27:33 (4225 turns).

matakusis the Caller (Deep Elf Summoner)            Turns: 4225, Time: 00:27:33

Health: 0/32       AC:  5    Str:  5    XL:     6   Next: 20%
Magic:  3/15       EV: 13    Int: 22    God:    Sif Muna [......]
Gold:   193        SH:  0    Dex: 15    Spells: 3 memorised, 5 levels left

rFire  + . .     SeeInvis .     s - +0 hand axe (curse)
rCold  . . .     Gourm    .     a - +0 robe
rNeg   . . .     Faith    .     (no shield)
rPois  +         Spirit   .     (no helmet)
rElec  .         Dismiss  .     (no cloak)
rCorr  .         Reflect  .     l - +0 pair of gloves
SustAt .         Harm     .     r - +1 pair of boots
MR     .....                    (no amulet)
Stlth  ++........               v - ring of poison resistance
                                j - ring of protection from fire

@: very slightly contaminated, not resistant to hostile enchantments, unstealthy
A: no striking features
a: Renounce Religion


You were on level 5 of the Dungeon.
You worshipped Sif Muna.
Sif Muna was noncommittal.
You were not hungry.

You visited 2 branches of the dungeon, and saw 6 of its levels.

You collected 193 gold pieces.

Inventory:

Hand Weapons
 s - a cursed +0 hand axe (weapon)
Armour
 a - a +0 robe (worn)
 l - a +0 pair of gloves (worn)
 r - a +1 pair of boots (worn)
 w - a +0 buckler
Jewellery
 j - a ring of protection from fire (left hand)
 v - a ring of poison resistance (right hand)
Wands
 t - a wand of acid (6/15)
Scrolls
 e - a scroll of teleportation
 k - 6 scrolls of remove curse
 m - 4 scrolls of identify
Potions
 i - a potion of cure mutation
 u - a potion of curing
Books
 b - a book of Callings

   Spells                             Type                      Level
   a - Summon Small Mammal            Summoning                    1
   b - Call Imp                       Summoning                    2
   c - Call Canine Familiar           Summoning                    3
   d - Summon Guardian Golem          Hexes/Summoning              3
   e - Summon Lightning Spire         Summoning/Air                4
   f - Summon Ice Beast               Ice/Summoning                4
 o - a book of Changes

   Spells                             Type                      Level
   a - Beastly Appendage              Transmutation                1
   b - Sticks to Snakes               Transmutation                2
   c - Spider Form                    Transmutation/Poison         3
   d - Ice Form                       Ice/Transmutation            4
   e - Blade Hands                    Transmutation                5
Comestibles
 c - 5 bread rations
 d - 7 meat rations
 f - 2 fruits
 h - 3 slices of pizza
 n - a beef jerky
 p - 2 chunks of flesh


   Skills:
 - Level 2.4 Dodging
 - Level 2.4 Stealth
 + Level 5.2 Spellcasting
 * Level 7.3 Summonings
 - Level 0.2 Air Magic


You had 5 spell levels left.
You knew the following spells:

 Your Spells              Type           Power        Failure   Level  Hunger
b - Call Imp              Summ           #####...     1%          2    None
c - Summon Lightning Spi  Summ/Air       ###.....     21%         4    ####...
d - Summon Ice Beast      Ice/Summ       ###.....     21%         4    ####...


Dungeon Overview and Level Annotations

Branches:
Dungeon (5/15)             Temple (1/1) D:5

Altars:
Ashenzari
Cheibriados
Dithmenos
Elyvilon
Fedhas
Gozag
Hepliaklqana
Kikubaaqudgha
Makhleb
Nemelex Xobeh
Pakellas
Qazlal
Ru
Sif Muna
Trog
Uskayaw
Xom
Yredelemnul
Zin
The Shining One

Annotations:
D:5 Prince Ribbit


Message History

There is an open door here.
Okay, then.
You open the door. Prince Ribbit barely misses you.
Prince Ribbit barely misses you.
There is an open door here.
Prince Ribbit closely misses you.
Prince Ribbit hits you but does no damage.
Prince Ribbit blinks!
Casting: Summon Ice Beast
Confirm with . or Enter, or press ? or * to list all spells.
A chill wind blows around you.
Prince Ribbit hits you but does no damage.
Prince Ribbit closely misses you.
Prince Ribbit hits you but does no damage.
Prince Ribbit blinks!
Prince Ribbit hits you!
* * * LOW HITPOINT WARNING * * *
You hit Prince Ribbit.
Prince Ribbit is lightly wounded.
Prince Ribbit hits you.
You die...

# ####.# #.# #.# #.#
# #.# #.###.###.#
#.# #.........###
#.# ##.#........#
#.# #...######.# #.#
###># #.#
#######.#######.####
#.#
#.......##......F..#
#.#
#.####...#.####@##.#
#.# #......# #.##.#
#.# ##...#.#
#Y##.###.# ##.##.#
#........#
#.#.###.##.#
####...### ##.#
#..........# #...#
#..> #.#####'####
#...# #..# ##?..##
##.## #..##
##.....## ###.#
#...#


You could see Prince Ribbit and a friendly ice beast.

Vanquished Creatures
  An orc priest (D:3)
  An adder (D:2)
  A giant gecko (D:3)
  2 orcs (D:3)
  A giant cockroach (D:3)
  2 bats
  2 giant newts (D:3)
  A goblin (D:1)
  A rat (D:1)
12 creatures vanquished.

Vanquished Creatures (collateral kills)
  2 scorpions
  A crimson imp (D:4)
  An orc priest (D:3)
  2 giant frog skeletons
  3 orc wizards
  10 adders
  2 oozes
  2 dart slugs
  3 giant geckos
  10 orcs
  2 ball pythons
  3 giant cockroaches
  2 gnoll zombies (D:2)
  4 goblins
  5 hobgoblins
  10 jackals
  3 quokkas
  7 bats
  10 giant newts
  5 kobolds
  13 rats
100 creatures vanquished.

Grand Total: 112 creatures vanquished

Notes
Turn   | Place    | Note
--------------------------------------------------------------
     0 | D:1      | matakusis the Deep Elf Summoner began the quest for the Orb.
     0 | D:1      | Reached XP level 1. HP: 10/10 MP: 6/6
   251 | D:1      | Reached XP level 2. HP: 15/15 MP: 6/8
   259 | D:1      | Learned a level 2 spell: Call Imp
   498 | D:1      | Reached skill level 5 in Summonings
   888 | D:2      | Found a faded altar of an unknown god.
  1095 | D:2      | Reached XP level 3. HP: 19/19 MP: 7/9
  1167 | D:2      | Found an opulent altar of Gozag.
  1289 | D:2      | Found a basalt altar of Yredelemnul.
  1343 | D:2      | Noticed an air elemental
  1345 | D:2      | Found a stormy altar of Qazlal.
  1347 | D:2      | Noticed a water elemental
  1347 | D:2      | Noticed an earth elemental
  1347 | D:2      | Noticed a fire elemental
  1751 | D:3      | Noticed a scorpion
  1769 | D:3      | Killed a scorpion
  1780 | D:3      | Reached XP level 4. HP: 7/24 MP: 7/12
  1921 | D:3      | Reached skill level 6 in Summonings
  2374 | D:3      | Reached XP level 5. HP: 28/28 MP: 5/13
  2395 | D:3      | Learned a level 4 spell: Summon Lightning Spire
  2400 | D:3      | Learned a level 4 spell: Summon Ice Beast
  3544 | D:4      | Reached skill level 7 in Summonings
  3616 | D:4      | Reached skill level 5 in Spellcasting
  3662 | D:5      | Entered Level 5 of the Dungeon
  3702 | D:5      | Found a staircase to the Ecumenical Temple.
  3711 | Temple   | Entered the Ecumenical Temple
  3861 | Temple   | Became a worshipper of Sif Muna the Loreminder
  3983 | D:5      | Found an ancient bone altar of Kikubaaqudgha.
  4004 | D:5      | Reached XP level 6. HP: 28/32 MP: 4/15
  4191 | D:5      | Noticed Prince Ribbit
  4225 | D:5      | Slain by Prince Ribbit

Vault maps used:
D:1:      dpeg_arrival_orchard, minmay_unequal
D:2:      lemuel_zombie_altar_yredelemnul, nicolae_qazlal_style_of_elements,
          lemuel_round_altar, ecumenical_altar_2
D:3:      first_bread, minmay_lizard_king
D:5:      lemuel_doored_altar, uniq_prince_ribbit1, uniq_sigmund
Temple:   eino_temple_rhombus

Skill      XL: |  1  2  3  4  5 |
---------------+----------------+-----
Summonings     | 5 6 7 |  7.3
Spellcasting   | 4 5 |  5.2
Dodging        | |  2.4
Stealth        | |  2.4
Air Magic      | |  0.2

Action                   |  1- 3 |  4- 6 || total
-------------------------+-------+-------++-------
Melee: Unarmed           |    16 |       ||    16
       Hand axe          |    23 |    50 ||    73
 Cast: Summon Small Mamm |    19 |       ||    19
       Call Imp          |    38 |    38 ||    76
       Summon Lightning  |       |     7 ||     7
       Summon Ice Beast  |       |     9 ||     9
  Use: Scroll            |     4 |     4 ||     8
       Potion            |     3 |     9 ||    12
 Stab: Distracted        |     1 |       ||     1
  Eat: Chunk             |     4 |    11 ||    15
Armor: Robe              |    24 |    31 ||    55
       Skin              |       |    10 ||    10
Dodge: Dodged            |    72 |    65 ||   137
